[Event "Team 45 45 League T55"]
[Site "Internet Chess Club"]
[Date "2012.12.02"]
[Round "3"]
[White "bobhill"]
[Black "chess123"]
[Result "0-1"]
[WhiteElo "1965"]
[BlackElo "1791"]
[Opening "Queen's pawn game"]
[ECO "D02"]
[Time "22:01:09"]
[TimeControl "2700+45"]

1. d4 d5 2. Nf3 g6 3. Bg5 Bg7 4. e3 Nf6 5. Nbd2 O-O 6. Bd3 Nc6 7. c3 Re8 8. O-O
a6 9. a4 e5 10. dxe5 Nxe5 11. Nxe5 Rxe5 12. Nf3 Bg4 13. Bf4 Re8 14. h3 Bd7 15.
Bc2 c5 16. Re1 Be6 17. Bg5 Qa5 18. Nd2 c4 19. Qf3 Nd7 20. h4 Bxc3 21. bxc3 Qxc3
22. Bxg6 fxg6 23. Nf1 Rf8 24. Qg3 Qe5 25. Bf4 Qf5 26. Rab1 Nc5 27. Bh6 Rf7 28.
f3 Nxa4 29. Qd6 Rd7 30. Qb4 b5 31. e4 dxe4 32. Rxe4 Bf7 33. Qe1 Qc5+ 34. Be3 Qc7
35. Bf4 Qc5+ 36. Kh1 Qf8 37. Qe3 Nc5 38. Bh6 Qc8 39. Qc3 Bd5 40. Rg4 Nd3 41. Rg5
Qb7 42. Nd2 b4 43. Qf6 c3 44. Ne4 Rf7 45. Qd4 Bxe4 46. fxe4 c2 47. Qxd3 cxb1=Q+
48. Qxb1 Re8 49. e5 Re6 50. h5 Qb5 51. Qa2 Rf1+ 52. Kh2 b3 53. Qd2 Qb6 54. hxg6
hxg6 55. Qe2 Qg1+ 56. Kg3 Rc1 57. Qf3 Qe1+ 58. Kh2 Qh4+ 59. Qh3 Qxh3+ 60. gxh3
b2 61. Kg3 Rg1+ 62. Kh4 Rxg5 63. Bxg5 b1=Q 64. Bf4 Qe4 {White resigns} 0-1

[Event "Team 45 45 League T55"]
[Site "Internet Chess Club"]
[Date "2012.12.02"]
[Round "3"]
[White "justice02"]
[Black "rubo"]
[Result "1-0"]
[WhiteElo "1686"]
[BlackElo "1716"]
[Opening "Caro-Kann: classical variation"]
[ECO "B18"]
[Time "22:00:18"]
[TimeControl "2700+45"]

1. e4 c6 2. d4 d5 3. Nc3 dxe4 4. Nxe4 Bf5 5. Ng3 Bg6 6. Nf3 Nd7 7. Nh4 e6 8.
Nxg6 hxg6 9. Bd3 Ngf6 10. Bg5 Qc7 11. Qe2 Bd6 12. O-O-O Bf4+ 13. Bxf4 Qxf4+ 14.
Kb1 O-O-O 15. h3 Nb6 16. c3 Na4 17. Qc2 Nb6 18. Rhe1 Rd5 19. Re3 Rhd8 20. Rde1
Nbd7 21. Bc4 Rg5 22. Rf3 Qd6 23. Qd2 Ra5 24. b4 Ra4 25. Qc2 b5 26. Bb3 Ra6 27.
Kb2 Nb6 28. Ka1 Na4 29. Re5 Kb7 30. Rxf6 gxf6 31. Ne4 Qe7 32. Bxa4 fxe5 33. Nc5+
Kb6 34. Bb3 exd4 35. cxd4 Qf6 36. Nxa6 Qxd4+ 37. Kb1 Kxa6 38. Qxc6+ Qb6 39. Qf3
Qb7 40. Qf4 Qd7 41. g4 Qd3+ 42. Bc2 Qxh3 43. Qc7 Qh1+ 44. Kb2 Rf8 45. Qd6+ Kb7
46. Qxf8 Qf3 47. Qe7+ Kb8 48. Qd8+ Kb7 49. Qd7+ Kb6 50. Qd4+ Kb7 51. Be4+ {Black
resigns} 1-0

[Event "Team 45 45 League T55"]
[Site "Internet Chess Club"]
[Date "2012.12.01"]
[Round "3"]
[White "Ptzz"]
[Black "BigH"]
[Result "1/2-1/2"]
[WhiteElo "2111"]
[BlackElo "2057"]
[Opening "Nimzo-Indian: classical, 4...Nc6"]
[ECO "E33"]
[Time "05:06:58"]
[TimeControl "2700+45"]

1. c4 Nf6 2. d4 e6 3. Nc3 Bb4 4. Qc2 Nc6 5. Nf3 d5 6. Bg5 h6 7. Bxf6 Qxf6 8. e3
O-O 9. a3 Bxc3+ 10. bxc3 Re8 11. Bd3 dxc4 12. Bxc4 e5 13. O-O e4 14. Nd2 Bf5 15.
Bd5 Qg6 16. Bxc6 bxc6 17. Kh1 Rad8 18. Rab1 Bg4 19. Nc4 Qh5 20. Ne5 Rxe5 21.
dxe5 Be2 22. Qxe4 Bxf1 23. Rxf1 Rd1 24. Qc4 Rxf1+ 25. Qxf1 Qxe5 26. Qd3 Qd6
{Game drawn by mutual agreement} 1/2-1/2

[Event "Team 45 45 League T55"]
[Site "Internet Chess Club"]
[Date "2012.12.01"]
[Round "3"]
[White "lacibacsi"]
[Black "Jack-ONeill"]
[Result "0-1"]
[WhiteElo "2030"]
[BlackElo "2014"]
[Opening "Alekhine's defense: exchange variation"]
[ECO "B03"]
[Time "16:04:07"]
[TimeControl "2700+45"]

1. e4 Nf6 2. e5 Nd5 3. d4 d6 4. c4 Nb6 5. exd6 exd6 6. Nc3 Be7 7. Qf3 O-O 8. Be3
Nc6 9. O-O-O Be6 10. b3 a5 11. a4 d5 12. c5 Nc8 13. Bd3 Bg5 14. Nh3 Bxe3+ 15.
Qxe3 Nb4 16. Bb1 Re8 17. Qg3 Ne7 18. Ng5 Bf5 19. Qf4 f6 20. Bxf5 Nxf5 21. Nf3
Qd7 22. g4 Ne7 23. h4 Ng6 24. Qg3 Re7 25. h5 Nf8 26. Nh4 g6 27. hxg6 hxg6 28.
Ng2 Rh7 29. Qf3 Qf7 30. Nf4 c6 31. Rh3 Rxh3 32. Qxh3 Qc7 33. Qe3 Kf7 34. Nd3 Re8
35. Qf3 Nxd3+ 36. Rxd3 Ne6 37. Kd2 b6 38. cxb6 Qxb6 39. Ne2 Qb4+ 40. Kc2 Ng5
{White resigns} 0-1

[Event "Team 45 45 League T55"]
[Site "Internet Chess Club"]
[Date "2012.12.04"]
[Round "3"]
[White "Dracoac"]
[Black "Holzschlange"]
[Result "1-0"]
[WhiteElo "1796"]
[BlackElo "1799"]
[Opening "QGD: Tarrasch, Prague variation, Normal position"]
[ECO "D34"]
[Time "20:22:38"]
[TimeControl "2700+45"]

1. Nf3 Nf6 2. c4 e6 3. g3 d5 4. Bg2 c5 5. d4 Nc6 6. cxd5 exd5 7. Nc3 Be7 8. O-O
O-O 9. dxc5 Bxc5 10. Bg5 d4 11. Ne4 Be7 12. Bxf6 Bxf6 13. Nxf6+ Qxf6 14. Qa4 Bg4
15. Rfd1 Rfe8 16. h3 Bh5 17. g4 Bg6 18. Nxd4 Nxd4 19. Qxd4 Qxd4 20. Rxd4 Rxe2
21. Bxb7 Rb8 22. b3 h6 23. Bf3 Rc2 24. Rc4 Rc8 25. Be2 Kf8 26. Kf1 Ke7 27. Rxc8
Rxc8 28. Bc4 Kf6 29. f4 Be4 30. Re1 Ba8 31. Rd1 Bc6 32. Kf2 Rc7 33. Re1 Rd7 34.
a4 Rc7 35. Re5 g6 36. Rc5 Rc8 37. Ba6 Rc7 38. Bb5 {Black resigns} 1-0

[Event "Team 45 45 League T55"]
[Site "Internet Chess Club"]
[Date "2012.12.02"]
[Round "3"]
[White "PaulaR"]
[Black "tyler66"]
[Result "1-0"]
[WhiteElo "1570"]
[BlackElo "1464"]
[Opening "King's pawn game"]
[ECO "C50"]
[Time "14:00:29"]
[TimeControl "2700+45"]

1. e4 e5 2. Nf3 Nc6 3. Bc4 d6 4. d4 Bg4 5. Be3 Nf6 6. Nc3 exd4 7. Bxd4 Bxf3 8.
gxf3 g6 9. Nd5 Nxd4 10. Qxd4 Bg7 11. Qd3 Nxd5 12. Qxd5 O-O 13. O-O-O b6 14. Kb1
Qf6 15. c3 Qxf3 16. h4 Qxf2 17. Rhf1 Qc5 18. Qd3 Qe5 19. Rf3 Rae8 20. Bd5 Re7
21. Rh1 h5 22. Rhf1 Bh6 23. Rf6 Bg7 24. Rxg6 c6 25. Rg5 Qh2 26. Bxc6 Qxh4 27.
Rfg1 f6 28. Qd5+ Kh7 29. Rxh5+ Qxh5 30. Qxh5+ Kg8 31. Bd5+ Rff7 32. Bxf7+ Rxf7
33. Qd5 Kf8 34. Qxd6+ Re7 35. Rxg7 Kxg7 36. Qxe7+ Kg6 37. Qxa7 f5 38. Qxb6+ Kg5
39. exf5 Kxf5 40. c4 Ke5 41. c5 Kd5 42. c6 Kd6 43. c7+ Kd7 44. Qb8 Ke7 45. c8=Q
Kf7 46. Qcc7+ Ke6 47. Qbd8 Kf5 48. Qce7 Kg6 49. Qdf8 Kh5 50. Qeg7 Kh4 51. Qfh8#
{Black checkmated} 1-0

[Event "Team 45 45 League T55"]
[Site "Internet Chess Club"]
[Date "2012.12.01"]
[Round "3"]
[White "moodle"]
[Black "akshayk06"]
[Result "1-0"]
[WhiteElo "1452"]
[BlackElo "1404"]
[Opening "Four knights: Spanish variation"]
[ECO "C48"]
[Time "20:01:02"]
[TimeControl "2700+45"]

1. e4 e5 2. Nf3 Nc6 3. Nc3 Nf6 4. Bb5 d6 5. d4 exd4 6. Nxd4 Bd7 7. O-O Be7 8.
Re1 Nxd4 9. Bxd7+ Qxd7 10. Qxd4 O-O 11. Bg5 Qg4 12. Bd2 a6 13. h3 Qh5 14. Bf4
Rad8 15. Rad1 Rfe8 16. Qe3 Bf8 17. e5 dxe5 18. Rxd8 Rxd8 19. Bxe5 Re8 20. f4 Bd6
21. Qa7 Nd7 22. Qxb7 Nxe5 23. fxe5 Bxe5 24. Qxa6 h6 25. Kh1 Qh4 26. Qf1 Qg3 27.
Qg1 Rd8 28. Ne4 Qf4 29. b3 f5 30. Nc5 Rd2 31. Nd3 Rxd3 32. cxd3 Bd4 33. Qf1 Qg3
34. Qe2 Bf2 35. Rf1 Bc5 36. Rxf5 Bd6 37. Kg1 Qh2+ 38. Kf2 Qg3+ 39. Kf1 Qg6 40.
Qe4 Qg3 41. a4 {Black resigns} 1-0

[Event "Team 45 45 League T55"]
[Site "Internet Chess Club"]
[Date "2012.12.01"]
[Round "3"]
[White "IanT"]
[Black "DeltaChess"]
[Result "0-1"]
[WhiteElo "1467"]
[BlackElo "1266"]
[Opening "Giuoco Piano: four knights variation"]
[ECO "C55"]
[Time "20:01:50"]
[TimeControl "2700+45"]

1. e4 e5 2. Nf3 Nc6 3. Bc4 Nf6 4. Nc3 Bc5 5. O-O d6 6. h3 Be6 7. Bb3 Qd7 8. Bxe6
fxe6 9. d3 O-O-O 10. Be3 Nd4 11. Bxd4 Bxd4 12. Nxd4 exd4 13. Ne2 e5 14. f4 Rdf8
15. f5 Rhg8 16. c3 g6 17. cxd4 gxf5 18. exf5 Nd5 19. Qd2 Qg7 20. g3 Qd7 21. Kh2
Rxf5 22. Rxf5 Qxf5 23. Ng1 exd4 24. Qe2 Ne3 25. Nf3 Qg6 26. Rg1 Re8 27. Nxd4 Nf5
28. Qf2 Nxd4 29. Qxd4 b6 30. Rg2 Rg8 31. Qe3 Qf7 32. b4 Re8 33. Qd2 Qf1 34. Qf2
Qxd3 35. Qf7 Qe4 36. Qb3 Qe3 37. Qd5 Qe4 38. Qb3 d5 39. Qa4 Kb8 40. Qc6 d4 41.
Qxe4 Rxe4 42. Rd2 c5 43. bxc5 bxc5 44. Kg2 c4 45. Rb2+ Kc7 46. Kf3 c3 47. Rb4
Re3+ 48. Kf2 Rd3 49. g4 Kd6 50. Ke2 Rd2+ 51. Ke1 d3 52. Rc4 Re2+ 53. Kd1 c2+ 54.
Kc1 Re1+ 55. Kd2 Rd1+ 56. Ke3 c1=Q+ 57. Rxc1 Rxc1 58. Kxd3 Rh1 59. Ke4 Rxh3
{White resigns} 0-1

[Event "Team 45 45 League T55"]
[Site "Internet Chess Club"]
[Date "2012.12.02"]
[Round "3"]
[White "Goldenberg"]
[Black "arconia"]
[Result "1-0"]
[WhiteElo "1573"]
[BlackElo "1315"]
[Opening "Sicilian: Alapin's variation (2.c3)"]
[ECO "B22"]
[Time "14:05:49"]
[TimeControl "2700+45"]

1. e4 c5 2. c3 Nc6 3. d4 cxd4 4. cxd4 e6 5. Nf3 d6 6. Be3 a6 7. Nc3 Nf6 8. Be2
Be7 9. O-O O-O 10. Rc1 h6 11. d5 Na7 12. Qb3 e5 13. Bb6 Qd7 14. a3 Nh7 15. Be3
f5 16. Nxe5 Qe8 17. Nc4 f4 18. Bxa7 Qg6 19. Ne5 dxe5 20. d6+ Be6 21. Bc4 Kh8 22.
dxe7 Bxc4 23. exf8=Q+ Rxf8 24. Qxc4 f3 25. g3 Qg4 26. Rfd1 Ng5 27. Be3 Nh3+ 28.
Kh1 h5 29. Qb4 Rg8 30. Qxb7 Nxf2+ 31. Bxf2 Qh3 32. Rg1 g5 33. Qxa6 Kh7 34. Nd5
{Black resigns} 1-0

[Event "Team 45 45 League T55"]
[Site "Internet Chess Club"]
[Date "2012.12.01"]
[Round "3"]
[White "rookmaster23"]
[Black "chesskix"]
[Result "1-0"]
[WhiteElo "1599"]
[BlackElo "1450"]
[Opening "QGD Slav/Grünfeld: Schlechter variation"]
[ECO "D15"]
[Time "20:01:22"]
[TimeControl "2700+45"]

1. d4 d5 2. c4 c6 3. Nc3 Nf6 4. Nf3 g6 5. Bf4 a6 6. e3 Bg7 7. Be2 O-O 8. O-O
Nbd7 9. Rc1 Re8 10. cxd5 cxd5 11. Na4 e5 12. dxe5 Nh5 13. Qxd5 Nxf4 14. exf4 Nf8
15. Qxd8 Rxd8 16. Rfd1 Be6 17. b3 Nd7 18. Ng5 b5 19. Nxe6 fxe6 20. Nb2 Kf7 21.
Rc7 Ke7 22. Bf3 Rac8 23. Rdc1 Rxc7 24. Rxc7 Kf8 25. Bg4 Nxe5 26. fxe5 Bxe5 27.
Rc2 h5 28. Bf3 Kf7 29. g3 Kf6 30. a4 Bxb2 31. Rxb2 b4 32. Kf1 a5 33. Ke2 Rc8 34.
Kd2 Rc3 35. Bb7 g5 36. Ba6 h4 37. Bc4 hxg3 38. fxg3 Rf3 39. Ke2 g4 40. Rd2 Ke7
41. Rd4 Rc3 42. Rxg4 Rc2+ 43. Kf3 Rxh2 44. Re4 Rc2 45. Rxe6+ Kf8 46. Ra6 Rc3+
47. Kf4 Rc2 48. Rxa5 Rf2+ 49. Kg4 Ke7 50. Rb5 Kd6 51. Rxb4 Rd2 52. Rb5 Rd4+ 53.
Kf5 Kc6 54. g4 Rd2 55. g5 Rf2+ 56. Kg6 Rd2 57. Kf6 Rd6+ 58. Kg7 Rd7+ 59. Kh6 Rd8
60. g6 Rh8+ 61. Kg5 Rh1 62. g7 Rg1+ 63. Kf6 Rg2 64. Bd5+ Kd6 65. Bxg2 Kc7 66.
g8=Q {Black resigns} 1-0

[Event "Team 45 45 League T55"]
[Site "Internet Chess Club"]
[Date "2012.11.30"]
[Round "3"]
[White "palm47"]
[Black "sdcohle"]
[Result "1-0"]
[WhiteElo "1468"]
[BlackElo "1395"]
[Opening "French: Marshall variation"]
[ECO "C10"]
[Time "23:01:16"]
[TimeControl "2700+45"]

1. e4 e6 2. d4 d5 3. Nc3 c5 4. exd5 exd5 5. dxc5 Nf6 6. Be3 Nc6 7. Bb5 Be6 8.
Nf3 Be7 9. O-O O-O 10. Bxc6 bxc6 11. Nd4 Bd7 12. Nf3 Bg4 13. Bd4 Ne4 14. Qd3
Nxc5 15. Bxc5 Bxc5 16. Ne5 Bd7 17. Nxd5 Be8 18. Ne3 Qxd3 19. Nxd3 Bxe3 20. fxe3
f6 21. Nc5 Bf7 22. b3 Rfe8 23. Rfe1 Re7 24. Kf2 Rae8 25. Rad1 Bh5 26. Rd6 Rc8
27. Ne6 Bf7 28. Nc5 Kf8 29. h3 Bg6 30. c4 Kf7 31. Red1 Rcc7 32. R1d2 Bf5 33. g4
Bc8 34. Rd8 h6 35. Kf3 Kg6 36. R2d6 Kf7 37. Rd4 Kg6 38. R4d6 Kf7 39. Rd4 g6 40.
e4 g5 41. Rh8 Kg7 42. Rdd8 Be6 43. Nxe6+ Rxe6 44. Rhg8+ Kh7 45. a3 Ree7 46. b4
Rcd7 47. Rh8+ Kg6 48. Rhg8+ Rg7 49. Rxg7+ Rxg7 50. c5 Rd7 51. Rxd7 {Black
resigns} 1-0

[Event "Team 45 45 League T55"]
[Site "Internet Chess Club"]
[Date "2012.12.04"]
[Round "3"]
[White "smsxman"]
[Black "KidRattler"]
[Result "1-0"]
[WhiteElo "1523"]
[BlackElo "1383"]
[Opening "Sicilian"]
[ECO "B50"]
[Time "12:00:13"]
[TimeControl "2700+45"]

1. e4 c5 2. Nf3 d6 3. Nc3 Nf6 4. Be2 g6 5. d4 cxd4 6. Nxd4 Nc6 7. Bb5 Bd7 8. O-O
e5 9. Bxc6 bxc6 10. Nf3 Bg7 11. Qxd6 Qe7 12. Qxe5 Qxe5 13. Nxe5 Nxe4 14. Nxe4
Bxe5 15. Re1 O-O 16. Nc5 Rad8 17. Rxe5 Bf5 18. Be3 Bxc2 19. h3 Bf5 20. Bh6 f6
21. Re7 Rf7 22. Rae1 Rxe7 23. Rxe7 Rd5 24. b4 a5 25. a3 axb4 26. axb4 g5 27.
Rg7+ Kh8 28. Rb7 Kg8 29. Rg7+ Kh8 30. Rf7 Rd8 31. Rxf6 Bg6 32. Bxg5 Rd4 33. Bh6
Rd8 34. Rxc6 Kg8 35. Rc7 Rb8 36. Rg7+ Kh8 37. Nd7 Rb7 38. Re7 Rxb4 39. Bg7+ Kg8
40. Nf6# {Black checkmated} 1-0

[Event "Team 45 45 League T55"]
[Site "Internet Chess Club"]
[Date "2012.12.01"]
[Round "3"]
[White "kingsrook"]
[Black "Toalla"]
[Result "1-0"]
[WhiteElo "1349"]
[BlackElo "1261"]
[Opening "King's Indian: London system"]
[ECO "A48"]
[Time "12:03:56"]
[TimeControl "2700+45"]

1. d4 Nf6 2. Nf3 g6 3. Bf4 d6 4. h3 Bg7 5. e3 O-O 6. c4 c5 7. Nc3 cxd4 8. exd4
Re8 9. Be2 Nc6 10. d5 Nh5 11. Bh2 Ne5 12. Nxe5 dxe5 13. O-O Nf4 14. Bf3 f5 15.
Bxf4 exf4 16. Re1 Qd6 17. Qd2 e5 18. Nb5 Qc5 19. Rac1 e4 20. Bd1 a6 21. Nc3 e3
22. fxe3 fxe3 23. Qe2 f4 24. Rf1 Qd4 25. Bb3 Qd2 26. Rc2 Qxe2 27. Nxe2 Bf5 28.
Rcc1 Bxb2 29. Rcd1 Rad8 30. Rxf4 Re4 31. Rff1 Kg7 32. Ng3 Bd4 33. Kh1 e2 34.
Nxe2 Rxe2 35. Rxd4 Be4 36. Rg1 Rf8 37. d6 Bc6 38. c5 g5 39. Bd5 Rd8 40. Rf1 Bxd5
41. Rxd5 Rxa2 42. d7 a5 43. Re1 h6 44. Re8 {Black resigns} 1-0

[Event "Team 45 45 League T55"]
[Site "Internet Chess Club"]
[Date "2012.12.01"]
[Round "3"]
[White "nanning"]
[Black "drsigmund1"]
[Result "0-1"]
[WhiteElo "1642"]
[BlackElo "1610"]
[Opening "French: Réti (Spielmann) variation"]
[ECO "C00"]
[Time "14:57:38"]
[TimeControl "2700+45"]

1. e4 e6 2. b3 d5 3. Bb2 d4 4. Nf3 c5 5. Bb5+ Bd7 6. Bd3 Nc6 7. e5 Qc7 8. Qe2 f6
9. exf6 gxf6 10. Na3 a6 11. Nh4 O-O-O 12. Qh5 Qe5+ 13. Qe2 Qg5 14. Bxa6 bxa6 15.
Qxa6+ Kb8 16. Qb6+ Ka8 17. Nb5 Qe5+ 18. Kf1 Rc8 19. Nf3 Qb8 20. Qa6+ Na7 21.
Nfxd4 cxd4 22. Nxa7 Qxa7 23. Qd6 Bxd6 {White resigns} 0-1

[Event "Team 45 45 League T55"]
[Site "Internet Chess Club"]
[Date "2012.12.03"]
[Round "3"]
[White "nosir"]
[Black "tryanything"]
[Result "1-0"]
[WhiteElo "1494"]
[BlackElo "1526"]
[Opening "Trompowsky attack (Ruth, Opocenský opening)"]
[ECO "A45"]
[Time "17:48:07"]
[TimeControl "2700+45"]

1. d4 Nf6 2. Bg5 d5 3. Bxf6 exf6 4. e3 Bf5 5. Bd3 Bxd3 6. Qxd3 c6 7. Nf3 Bd6 8.
c3 Nd7 9. Nbd2 O-O 10. h4 c5 11. O-O-O c4 12. Qc2 b5 13. g4 b4 14. e4 bxc3 15.
Qxc3 Rb8 16. Kb1 Bb4 17. Qc2 c3 18. Nb3 cxb2 19. Qxb2 Qb6 20. exd5 a5 21. a4 Ba3
22. Qxa3 Qxb3+ 23. Qxb3 Rxb3+ 24. Ka2 Rxf3 25. Rd2 Rc8 26. Rb1 g5 27. hxg5 fxg5
28. Rb7 Nf6 29. Rb5 Ra8 30. Rc2 Rd3 31. Rc4 Nxg4 32. d6 h6 33. d7 Kg7 34. Rc8
Rxd4 35. Rxa8 Rxd7 36. Raxa5 Nxf2 37. Rb2 Nd3 38. Rb6 Nf4 39. Raa6 Ne6 40. a5 h5
41. Ra8 h4 42. a6 h3 43. a7 Kf6 44. Rxe6+ Kxe6 45. Re8+ Kf6 46. a8=Q Rd2+ 47.
Kb3 h2 48. Qf3+ Kg7 49. Re7 Rd3+ 50. Qxd3 h1=Q 51. Qd4+ Kg6 52. Qe4+ Qxe4 53.
Rxe4 f5 54. Re8 f4 55. Kc3 g4 56. Kd3 Kg5 57. Ke2 f3+ 58. Kf2 Kf4 59. Rf8+ Ke4
60. Kg3 Ke3 61. Re8+ Kd2 62. Kf2 Kd1 63. Rg8 {Black resigns} 1-0

[Event "Team 45 45 League T55"]
[Site "Internet Chess Club"]
[Date "2012.12.01"]
[Round "3"]
[White "JohLeb"]
[Black "SeniorCitizen"]
[Result "0-1"]
[WhiteElo "1376"]
[BlackElo "1357"]
[Opening "QGD: Orthodox defense, Botvinnik variation"]
[ECO "D60"]
[Time "17:00:34"]
[TimeControl "2700+45"]

1. d4 d5 2. c4 e6 3. Nf3 Nf6 4. Bg5 Be7 5. Nc3 O-O 6. e3 Nbd7 7. Bd3 b6 8. O-O
Bb7 9. Rc1 Rc8 10. cxd5 Nxd5 11. Bxe7 Qxe7 12. Nxd5 exd5 13. Rc3 c6 14. Qc2 Nf6
15. Rc1 b5 16. Ne5 Qd6 17. Nxc6 Bxc6 18. Rxc6 Rxc6 19. Qxc6 Qxc6 20. Rxc6 Rb8
21. b4 Kf8 22. Bf5 Ra8 23. Rc8+ Rxc8 24. Bxc8 Ne4 25. Kf1 Ke7 26. Bb7 Kd6 27. f3
Nc3 28. e4 f6 29. Ba6 Nxa2 30. Bxb5 Nxb4 31. Ke2 Nc2 32. Kd3 Ne1+ 33. Kc3 Nxg2
34. Kb4 Ne1 35. Be2 Nc2+ 36. Kc3 Ne3 37. Kd2 Ng2 38. Bf1 Nf4 39. Ke3 Ne6 40. h4
h6 41. f4 dxe4 42. f5 Nc7 43. Kxe4 a5 44. Bc4 a4 45. Kd3 Nd5 46. Ba2 Nb4+ {White
resigns} 0-1

[Event "Team 45 45 League T55"]
[Site "Internet Chess Club"]
[Date "2012.12.01"]
[Round "3"]
[White "Kravier"]
[Black "bmw2002"]
[Result "1-0"]
[WhiteElo "1690"]
[BlackElo "1599"]
[Opening "King's Indian: London system"]
[ECO "A48"]
[Time "13:21:21"]
[TimeControl "2700+45"]

1. Nf3 Nf6 2. d4 g6 3. Bf4 Bg7 4. h3 O-O 5. e3 c5 6. Nc3 cxd4 7. exd4 a6 8. Be2
d5 9. O-O Nc6 10. Na4 b5 11. Nc5 Nd7 12. c3 Qb6 13. b4 Rd8 14. Qb3 Nxc5 15. bxc5
Qb7 16. a4 Na5 17. Qb2 Nc4 18. Bxc4 bxc4 19. Qb6 Qxb6 20. cxb6 a5 21. Rab1 Bb7
22. Rb5 f6 23. Rc5 Rdc8 24. Rc7 Rxc7 25. bxc7 Re8 26. Rb1 Bc8 27. Rb5 e5 28.
dxe5 fxe5 29. Bg5 d4 30. Bd2 d3 31. Rxa5 e4 32. Nd4 Be5 33. Rc5 Re7 34. Nc6 Rxc7
35. Rxe5 Rxc6 36. Rxe4 Bf5 37. Re5 Re6 38. Rxe6 Bxe6 39. f4 h5 40. Kf2 Kf7 41.
Ke3 Bd5 42. g4 Bg2 43. gxh5 Bxh3 44. h6 Kg8 45. Kd4 Kh7 46. Kxc4 Bf5 47. a5 Kxh6
48. a6 Kh5 49. a7 Be4 50. Kd4 Ba8 51. Kxd3 Kg4 52. Kd4 Kf5 53. Kc5 Ke4 54. c4
Kd3 55. Bc1 Kc2 56. Be3 Kd3 57. Bd4 Ke4 58. Be5 g5 59. fxg5 Kxe5 60. Kb6 Kf5 61.
c5 Kxg5 62. c6 Bxc6 63. Kxc6 {Black resigns} 1-0

[Event "Team 45 45 League T55"]
[Site "Internet Chess Club"]
[Date "2012.12.02"]
[Round "3"]
[White "Mitochondria"]
[Black "pereelcoix"]
[Result "1/2-1/2"]
[WhiteElo "1466"]
[BlackElo "1430"]
[Opening "QGA, Janowsky-Larsen variation"]
[ECO "D25"]
[Time "15:00:32"]
[TimeControl "2700+45"]

1. d4 d5 2. c4 dxc4 3. Nf3 Nf6 4. e3 Bg4 5. Bxc4 e6 6. Nc3 Bb4 7. O-O O-O 8. a3
Be7 9. Be2 Nc6 10. Bd2 a6 11. Rc1 Qd6 12. h3 Bf5 13. Ng5 h6 14. Nf3 Ne4 15. Bd3
Nxf2 16. Rxf2 Bxd3 17. Na4 Be4 18. Nc5 Bxf3 19. Rxf3 b6 20. Ne4 Qd5 21. Nc3 Qd7
22. Ne2 a5 23. Qc2 Na7 24. Qxc7 Qxc7 25. Rxc7 Bd6 26. Rd7 Nb5 27. Nc3 Ra7 28.
Rxa7 Nxa7 29. Rf1 Rc8 30. Rc1 Rc4 31. Kf2 Nc8 32. Ke2 f5 33. Kd3 Rc6 34. Nb5
Rxc1 35. Bxc1 Kf7 36. g4 fxg4 37. hxg4 Kg6 38. e4 h5 39. gxh5+ Kxh5 40. e5 Bb8
41. Ke4 g5 42. Nc3 g4 43. Ne2 Ne7 44. Nf4+ Kh4 45. Nxe6 g3 46. Nf4 Nc6 {Game
drawn by mutual agreement} 1/2-1/2

[Event "Team 45 45 League T55"]
[Site "Internet Chess Club"]
[Date "2012.11.29"]
[Round "3"]
[White "otib2006"]
[Black "Zyme"]
[Result "0-1"]
[WhiteElo "1340"]
[BlackElo "1339"]
[Opening "King's Indian: East Indian defense"]
[ECO "A48"]
[Time "18:00:20"]
[TimeControl "2700+45"]

1. d4 Nf6 2. Nf3 g6 3. e3 Bg7 4. Bd3 O-O 5. O-O d5 6. Nbd2 Nc6 7. c3 Re8 8. Qe2
Bg4 9. a4 e5 10. dxe5 Nxe5 11. h3 Nxd3 12. Qxd3 Bf5 13. Qe2 Qd6 14. Nd4 Bd7 15.
Nb5 Qb6 16. c4 c6 17. a5 Qd8 18. Nd6 Bg4 19. hxg4 Qxd6 20. a6 b6 21. Rb1 d4 22.
e4 c5 23. Re1 Nd7 24. Qf3 Ne5 25. Qg3 Qe6 26. f3 Nxc4 27. Nxc4 Qxc4 28. Bf4 Qxa6
29. Bc7 Qb7 30. Bf4 Re6 31. b4 c4 32. e5 b5 33. Re4 d3 34. Rd4 Rae8 35. Rd6 Bxe5
36. Rxe6 Rxe6 37. Bxe5 Qb6+ 38. Kh2 Qe3 39. Bf4 Qe2 40. Bh6 Re8 41. Qf4 c3 42.
Qf6 Qe5+ 43. Qxe5 Rxe5 44. Kg3 c2 45. Rc1 f6 46. Bf4 Re2 47. g5 f5 48. Kh2 Kf7
49. Kg1 Ke6 50. Kf1 Kd5 51. Ra1 Re7 52. Ra5 Kc4 53. Ra3 Rd7 54. Bd2 Re7 55. Rc3+
Kd4 56. Rb3 Re2 57. Bc1 d2 58. Bb2+ Kc4 59. Rc3+ Kxb4 60. Kxe2 d1=Q+ 61. Kf2
Qd2+ 62. Kg3 Qxc3 63. Bxc3+ Kxc3 {White resigns} 0-1

[Event "Team 45 45 League T55"]
[Site "Internet Chess Club"]
[Date "2012.11.30"]
[Round "3"]
[White "AlPearson"]
[Black "kabubi"]
[Result "1-0"]
[WhiteElo "1313"]
[BlackElo "1140"]
[Opening "Nimzo-Indian: classical, 4...c5"]
[ECO "E38"]
[Time "10:03:47"]
[TimeControl "2700+45"]

1. d4 Nf6 2. c4 e6 3. Nc3 Bb4 4. Qc2 c5 5. Nf3 O-O 6. e3 Bxc3+ 7. bxc3 Nc6 8.
Ba3 d5 9. Bxc5 Re8 10. cxd5 exd5 11. c4 dxc4 12. Qxc4 Qa5+ 13. Nd2 Ne4 14. Qc2
b6 15. Bd3 Nxd2 16. Qxd2 Qxd2+ 17. Kxd2 bxc5 18. Be4 Rxe4 19. Rhc1 cxd4 20. Rxc6
dxe3+ 21. fxe3 Bb7 22. Rc7 Rd8+ 23. Ke2 Rb4 24. Rac1 Kf8 25. Kf1 Ba6+ 26. Kf2
Rb2+ 27. Kg3 Rd6 28. Rxa7 Rg6+ 29. Kf4 Rb4+ 30. Ke5 Rb7 31. Rc8+ Ke7 32. Rxb7+
Bxb7 33. Rc7+ Kd8 34. Rxb7 f6+ 35. Kd6 f5+ 36. Ke5 Rxg2 37. h4 Rxa2 38. Rxg7
Ra5+ 39. Kf4 Ra4+ 40. Kg5 h6+ 41. Kxf5 Rxh4 42. Ke6 Re4+ 43. Kd6 Rxe3 44. Rg8+
Re8 45. Rg7 h5 46. Ra7 {Black resigns} 1-0

[Event "Team 45 45 League T55"]
[Site "Internet Chess Club"]
[Date "2012.12.05"]
[Round "3"]
[White "Conjurer"]
[Black "seattleblues"]
[Result "0-1"]
[WhiteElo "1505"]
[BlackElo "1444"]
[Opening "Queen's pawn, Mason variation, Steinitz counter-gambit"]
[ECO "D00"]
[Time "20:55:21"]
[TimeControl "2700+45"]

1. d4 d5 2. Bf4 c5 3. c3 cxd4 4. cxd4 Nc6 5. Nf3 Bg4 6. e3 Nf6 7. Bd3 Qa5+ 8.
Nbd2 Ne4 9. Qc2 e6 10. O-O Nxd2 11. Nxd2 g6 12. a3 Bg7 13. b4 Qb6 14. Nb3 O-O
15. Nc5 Rad8 16. Rac1 e5 17. dxe5 Nxe5 18. Be2 Bf5 19. e4 dxe4 20. Nxe4 Nc6 21.
Qc5 Bxe4 22. Qxb6 axb6 23. Bc7 Rd2 24. Rfe1 Ra2 25. Bc4 Rc2 26. Bxb6 Rxc1 27.
Rxc1 Bb2 28. Re1 Bf5 29. b5 Bd4 30. Bc7 Bc3 31. Rd1 Nd4 32. Bb6 Re8 33. h3 Ne6
34. a4 Nf4 35. a5 Re1+ 36. Rxe1 Bxe1 37. a6 bxa6 38. bxa6 Be4 39. Bc7 Ne6 40.
Bb8 Ba5 41. a7 Nc7 42. f3 Bb7 43. Bxc7 Bxc7 {White resigns} 0-1

[Event "Team 45 45 League T55"]
[Site "Internet Chess Club"]
[Date "2012.11.29"]
[Round "3"]
[White "medsurg"]
[Black "guyd52"]
[Result "0-1"]
[WhiteElo "1302"]
[BlackElo "1321"]
[Opening "Pirc: classical, h3 system"]
[ECO "B08"]
[Time "20:00:29"]
[TimeControl "2700+45"]

1. e4 d6 2. d4 Nf6 3. Nc3 g6 4. Nf3 Bg7 5. h3 O-O 6. Be3 Nbd7 7. Be2 e5 8. dxe5
Nxe5 9. Nxe5 dxe5 10. Bc4 b6 11. Qe2 Qe7 12. Nd5 Qd6 13. Bg5 Nxd5 14. Bxd5 c6
15. Bb3 Be6 16. Rd1 Qb4+ 17. c3 Qa5 18. Be7 Bxb3 19. axb3 Rfe8 20. Bb4 Qa2 21.
O-O Qxb3 22. Bd6 Qe6 23. f3 Bf8 24. Bxf8 Kxf8 25. Rd3 Rad8 26. Rfd1 Rxd3 27.
Rxd3 Qe7 28. Qd2 Qc5+ 29. Kh2 Re7 30. Rd8+ Kg7 31. h4 h5 32. g4 hxg4 33. fxg4
Qc4 34. h5 Qxe4 35. Qg5 Qf4+ 36. Qxf4 exf4 37. Rd3 Re2+ {White resigns} 0-1

[Event "Team 45 45 League T55"]
[Site "Internet Chess Club"]
[Date "2012.12.03"]
[Round "3"]
[White "kabubi"]
[Black "tcianciola"]
[Result "0-1"]
[WhiteElo "1126"]
[BlackElo "1191"]
[Opening "Scandinavian (center counter) defense"]
[ECO "B01"]
[Time "19:36:19"]
[TimeControl "2700+45"]

1. e4 d5 2. d3 dxe4 3. dxe4 Qxd1+ 4. Kxd1 e5 5. Nf3 Nc6 6. Bc4 Bg4 7. c3 Bc5 8.
Ke2 Nf6 9. Nd2 O-O 10. b4 Bb6 11. a4 a5 12. b5 Ne7 13. Ba3 Rfe8 14. Rhe1 Ng6 15.
Kf1 Rad8 16. h3 Be6 17. Bd3 Rxd3 {White resigns} 0-1